 Dungeon Sprint DCSS version 0.24.0-1-gfbc8707 (webtiles) character file.

Game seed: 11807926563535366616, levelgen mode: deterministic

8564 Fang the Tortoise (level 11, 0/80 HPs)
             Began as a Gargoyle Berserker on Nov 4, 2019.
             Was the Champion of Trog.
             Slain by a green draconian
             ... wielding a +0 mace
              (3 damage)
             ... in the Dungeon (Sprint V: "Ziggurat Sprint").
             The game lasted 00:03:00 (1015 turns).

Fang the Tortoise (Gargoyle Berserker)              Turns: 1015, Time: 00:03:01

Health: 0/80       AC: 44    Str: 24    XL:     11   Next: 32%
Magic:  11/11      EV:  3    Int: 11    God:    Trog [******]
Gold:   0          SH: 30    Dex:  9    Spells: 10/10 levels left

rFire    . . .     SeeInvis +   a - +9 broad axe
rCold    . . .     Gourm    .   E - +18 shield of the Gong {rElec rN+ MR+ EV-5}
rNeg     + + +     Faith    .   b - +15 Maxwell's patent armour {-Cast -Tele rElec MR+ rCorr}
rPois    ∞         Spirit   .   G - +2 helmet {Int+3}
rElec    +         Reflect  .   (no cloak)
rCorr    +         Harm     .   (no gloves)
MR       +++++     Clarity  +   (no boots) Stlth ..........NoTele +
                                A - amulet of the Four Winds {rN+ MR+++ Clar}
HPRegen  0.23/turn NoCast   +   B - ring of see invisible
MPRegen  0.12/turn              y - ring of Egomania {rElec rN+ SInv}

@: berserk cooldown, slowed, constricted, very slow
A: negative energy resistance 1, electricity resistance, unbreathing,
petrification resistance, rot immunity, AC +8
a: Berserk, Trog's Hand, Brothers in Arms, Renounce Religion


You were in the Dungeon.
You worshipped Trog.
Trog was exalted by your worship.
You were very hungry.

You visited 1 branch

Inventory:

Hand Weapons
 a - a +9 broad axe (weapon)
Armour
 b - the +15 Maxwell's patent armour (worn) {-Cast -Tele rElec MR+ rCorr}
   (You found it in the Dungeon)

   It insulates you from electricity.
   It affects your resistance to hostile enchantments.
   It prevents spellcasting.
   It prevents most forms of teleportation.
   It provides partial protection from all sources of acid and corrosion.
 E - the +18 shield of the Gong (worn) {rElec rN+ MR+ EV-5}
   (You found it in the Dungeon)

   It affects your evasion (-5).
   It insulates you from electricity.
   It protects you from negative energy.
   It affects your resistance to hostile enchantments.
 G - a +2 helmet of intelligence (worn)
Jewellery
 x - an uncursed amulet of the gourmand
 y - the ring of Egomania (right hand) {rElec rN+ SInv}
   (You found it in the Dungeon)

   [ring of positive energy]

   It insulates you from electricity.
   It protects you from negative energy.
   It lets you see invisible.
 A - the amulet of the Four Winds (around neck) {rN+ MR+++ Clar}
   (You found it in the Dungeon)

   [amulet of nothing]

   It protects you from negative energy.
   It affects your resistance to hostile enchantments.
   It protects you against confusion.
 B - a ring of see invisible (left hand)
Wands
 u - a wand of disintegration (7)
 v - a wand of iceblast (7)
 w - a wand of acid (7)
Scrolls
 i - 4 scrolls of blinking
 j - 8 scrolls of fog
 k - a scroll of holy word
 l - 5 scrolls of identify
 m - 5 scrolls of remove curse
 n - 2 scrolls of fear
Potions
 d - 10 potions of curing
 e - 10 potions of heal wounds
 f - 6 potions of haste
 h - 3 potions of berserk rage
 p - 2 potions of invisibility
 q - 4 potions of resistance
 r - a potion of experience
 s - 5 potions of agility
 t - 5 potions of might
Comestibles
 c - 7 rations
 z - 14 chunks of flesh


   Skills:
 * Level 14.4 Fighting
 * Level 12.3 Axes
 * Level 16.8 Armour
 + Level 9.7 Dodging
 * Level 11.1 Shields


You had 10 spell levels left.
You didn't know any spells.
Your spell library was empty.

Dungeon Overview and Level Annotations

Branches:
Dungeon (1/1)

Altars:
Ashenzari
Cheibriados
Dithmenos
Elyvilon
Fedhas
Gozag
Hepliaklqana
Kikubaaqudgha
Makhleb
Nemelex Xobeh
Okawaru
Qazlal
Ru
Sif Muna
Trog
Uskayaw
Vehumet
Wu Jian
Xom
Yredelemnul
Zin
The Shining One
Beogh
Jiyva
Lugonu

Annotations:
D 1 transporter


Innate Abilities, Weirdness & Mutations

You are resistant to torment.
Your stone body is resilient. (AC +8)
You are immune to poison.
You resist negative energy. (rN+)
You are resistant to electric shocks. (rElec)
You can survive without breathing.
You are immune to petrification.
You are immune to rotting.


Message History

The yellow draconian hits you with a cursed +0 glaive!
* * * LOW HITPOINT WARNING * * *
You block the green draconian's attack.
GONNNNG!
The green draconian tail-slaps you but does no damage.
The red draconian hits you but does no damage.
The purple draconian hits you but does no damage.
You block the tentacled monstrosity's attack.
PANG!
You block the tentacled monstrosity's attack.
BONNNG!
You block the tentacled monstrosity's attack.
GONNNNG!
The tentacled monstrosity constricts you.
The red draconian hits you but does no damage.
The Orb Guardian hits you but does no damage.
You block the black draconian's attack.
GONNNNG!
The green draconian hits you with a +0 mace.
You die...

▓....©....▓...©...▓
▓▓▓▓▓▓▓▓▓▓▓▓▓▓▓▓▓▓▓▓▓
▓...8©8...▓...8©8...▓
▓..|=):}..▓..:).))..▓
▓..}}|}:..▓...[).:..▓
▓.........▓.........▓
▓.........▓.........▓
▓...ddd...▓...÷†÷...▓
▓...X@X...▓....)÷...▓
▓...ddd...▓.▓...÷.▓.▓
▓.▓.....▓.▓....©....▓
▓....©....▓▓▓▓▓▓▓▓▓▓▓
▓▓▓▓▓▓▓▓▓▓▓


You could see a tentacled monstrosity, a black draconian, a yellow draconian, a
green draconian, a purple draconian, 2 draconians and an Orb Guardian.

Vanquished Creatures
  A black draconian (D)
  A purple draconian (D)
  2 dancing weapons (D)
  A deep elf archer (D)
  A deep elf mage (D)
  5 toenail golems (D)
  A black mamba (D)
  A naga mage (D)
  A spiny frog (D)
  A jumping spider (D)
  2 air elementals (D)
  2 yaks (D)
  A tarantella (D)
  2 fire elementals (D)
  A basilisk (shapeshifter) (D)
  A porcupine (D)
  2 phantoms (D)
  A crocodile (D)
  2 bullfrogs (D)
  An earth elemental (D)
  2 scorpions (D)
  2 wights (D)
  2 orc priests (D)
  2 iguanas (D)
  2 orc wizards (D)
  4 adders (D)
  2 adder skeletons (D)
  An adder zombie (D)
  An orc (D)
  3 bat skeletons (D)
  2 ball pythons (D)
  A leopard gecko zombie (D)
  A quokka skeleton (D)
55 creatures vanquished.

Vanquished Creatures (others)
  A dancing weapon (D)
1 creature vanquished.

Grand Total: 56 creatures vanquished

Notes
Turn   | Place    | Note
-------+----------+-------------------------------------------
     0 | D        | Fang the Gargoyle Berserker began the quest for the Orb.
     0 | D        | Reached XP level 1. HP: 14/14 MP: 1/1
     6 | D        | Found a blossoming altar of Fedhas.
     7 | D        | Found the +6 Majin-Bo {vamp, Archmagi MP+6 Int+6}
     7 | D        | Found the +7 great mace "Firestarter" {inner flame, rF++}
     7 | D        | Found a transporter.
     7 | D        | Found a viscous altar of Jiyva.
     7 | D        | Found an ancient bone altar of Kikubaaqudgha.
     7 | D        | Found a hazy altar of Hepliaklqana.
     7 | D        | Found a corrupted altar of Lugonu.
     7 | D        | Found an opulent altar of Gozag.
     7 | D        | Found a burning altar of Makhleb.
    11 | D        | Found a stormy altar of Qazlal.
    11 | D        | Found an iron altar of Okawaru.
    11 | D        | Found a sacrificial altar of Ru.
    11 | D        | Found a sparkling altar of Nemelex Xobeh.
    11 | D        | Found a shimmering blue altar of Sif Muna.
    11 | D        | Found a bloodstained altar of Trog.
    18 | D        | Found the +9 heavy crossbow "Sniper" {velocity, Acc+∞ SInv}
    18 | D        | Found the +10 dark maul {crush}
    18 | D        | Found the +15 Maxwell's patent armour {-Cast -Tele rElec
                  | MR+ rCorr}
    18 | D        | Found the +18 shield of the Gong {rElec rN+ MR+ EV-5}
    18 | D        | Found the cursed +14 obsidian axe {chop, +Fly SInv *Curse}
    79 | D        | Entered arena 2.
    79 | D        | Found a transporter.
    81 | D        | Reached skill level 3 in Armour
    81 | D        | Reached XP level 2. HP: 20/20 MP: 2/2
   126 | D        | Entered arena 3.
   126 | D        | Noticed an air elemental
   126 | D        | Noticed a +2 short sword of venom
   126 | D        | Noticed an air elemental
   126 | D        | Found a transporter.
   129 | D        | Killed a +2 short sword of venom
   130 | D        | Killed an air elemental
   130 | D        | Reached ** piety under Trog
   130 | D        | Reached skill level 5 in Axes
   130 | D        | Reached skill level 6 in Armour
   130 | D        | Reached XP level 3. HP: 13/28 MP: 3/3
   130 | D        | Reached XP level 4. HP: 15/32 MP: 4/4
   130 | D        | Reached XP level 5. HP: 17/37 MP: 5/5
   133 | D        | Killed an air elemental
   133 | D        | Reached skill level 7 in Armour
   133 | D        | Reached skill level 5 in Dodging
   133 | D        | Reached XP level 6. HP: 14/44 MP: 6/6
   368 | D        | Entered arena 4.
   368 | D        | Noticed a jumping spider
   368 | D        | Noticed a tarantella
   368 | D        | Found a transporter.
   371 | D        | Killed a tarantella
   371 | D        | Reached skill level 8 in Armour
   371 | D        | Reached XP level 7. HP: 50/50 MP: 7/7
   379 | D        | Killed a jumping spider
   379 | D        | Reached *** piety under Trog
   379 | D        | Reached skill level 9 in Armour
   424 | D        | Entered arena 5.
   424 | D        | Found a transporter.
   428 | D        | Reached **** piety under Trog
   437 | D        | Entered arena 6.
   437 | D        | Found a transporter.
   440 | D        | Reached XP level 8. HP: 46/57 MP: 8/8
   442 | D        | Reached ***** piety under Trog
   443 | D        | Reached skill level 10 in Fighting
   446 | D        | Received a gift from Trog
   455 | D        | Got the ring of Egomania {rElec rN+ SInv}
   704 | D        | Entered arena 7.
   704 | D        | Noticed a naga mage
   704 | D        | Noticed a black mamba
   705 | D        | Found a transporter.
   710 | D        | Reached skill level 10 in Armour
   714 | D        | Killed a black mamba
   719 | D        | Killed a naga mage
   719 | D        | Reached skill level 11 in Armour
   731 | D        | Entered arena 8.
   731 | D        | Noticed a toenail golem
   731 | D        | Noticed a toenail golem
   731 | D        | Noticed a toenail golem
   731 | D        | Noticed a toenail golem
   731 | D        | Noticed a toenail golem
   733 | D        | Found a transporter.
   739 | D        | Killed a toenail golem
   739 | D        | Received a gift from Trog
   739 | D        | Reached skill level 12 in Armour
   739 | D        | Reached skill level 5 in Shields
   739 | D        | Reached XP level 9. HP: 64/64 MP: 9/9
   741 | D        | Killed a toenail golem
   742 | D        | Killed a toenail golem
   742 | D        | Reached skill level 10 in Axes
   742 | D        | Reached skill level 13 in Armour
   742 | D        | Killed a toenail golem
   746 | D        | Killed a toenail golem
   746 | D        | Reached skill level 14 in Armour
   746 | D        | Reached XP level 10. HP: 72/72 MP: 10/10
   794 | D        | Entered arena 9.
   794 | D        | Noticed a deep elf archer
   794 | D        | Noticed a +3 mace of protection
   794 | D        | Noticed a deep elf mage
   794 | D        | Noticed a +2 glaive of protection
   795 | D        | Found the amulet of the Four Winds {rN+ MR+++ Clar}
   795 | D        | Found a transporter.
   800 | D        | Killed a +3 mace of protection
   800 | D        | Reached ****** piety under Trog
   803 | D        | Received a gift from Trog
   803 | D        | Reached skill level 15 in Armour
   813 | D        | Killed a deep elf mage
   818 | D        | Killed a +2 glaive of protection
   820 | D        | Killed a deep elf archer
   866 | D        | Entered arena 10.
   867 | D        | Found a transporter.
   870 | D        | Received a gift from Trog
   903 | D        | Entered arena 11.
   903 | D        | Noticed a spiny frog
   904 | D        | Found a transporter.
   907 | D        | Reached skill level 16 in Armour
   911 | D        | Received a gift from Trog
   911 | D        | Reached skill level 10 in Shields
   912 | D        | Received a gift from Trog
   916 | D        | Killed a spiny frog
   916 | D        | Reached XP level 11. HP: 62/79 MP: 11/11
   997 | D        | Entered arena 12.
   997 | D        | Noticed a red draconian
   997 | D        | Noticed a black draconian
   997 | D        | Noticed a red draconian
   997 | D        | Noticed a black draconian
   997 | D        | Noticed an Orb Guardian
   997 | D        | Noticed a purple draconian
   998 | D        | Noticed a tentacled monstrosity
   998 | D        | Noticed a green draconian
   998 | D        | Noticed a purple draconian
   998 | D        | Noticed a yellow draconian
  1000 | D        | Found a transporter.
  1008 | D        | Killed a black draconian
  1013 | D        | Killed a purple draconian
  1013 | D        | Received a gift from Trog
  1015 | D        | HP: 3/80 [yellow draconian/cursed +0 glaive (10)]
  1015 | D        | Slain by a green draconian

Levels and vault maps discovered:
D:        sprint_v [room_start, room_1, room_2, room_3, room_4, room_5, room_6,
          room_7, room_8, room_9, room_10, room_11, room_12, room_13, room_14,
          room_15, room_16, room_17, room_18, room_19, room_20, room_21,
          room_22, room_23, room_24, room_25, room_26, room_27]

Skill      XL: |  1  2  3  4  5  6  7  8  9 10 11 |
---------------+----------------------------------+-----
Fighting       | 4 6 7 8 9 11 12 13 14 | 14.4
Axes           | 3 5 6 7 8 9 10 11 12 | 12.3
Armour         | 3 6 7 8 9 12 14 16 | 16.8
Dodging        | 2 4 5 6 7 8 9 |  9.7
Shields        | 5 7 10 11 | 11.1

Action                   |  1- 3 |  4- 6 |  7- 9 | 10-12 || total
-------------------------+-------+-------+-------+-------++-------
Melee: Broad axe         |     8 |     5 |    45 |    67 ||   125
Invok: Berserk           |     2 |     1 |     1 |     2 ||     6
  Use: Scroll            |       |       |       |     4 ||     4
  Eat: Chunk             |       |       |     2 |     3 ||     5
Armor: Plate armour      |     8 |     1 |    24 |    66 ||    99
Dodge: Dodged            |       |     2 |     7 |    14 ||    23
Block: Shield            |    11 |     4 |    73 |   122 ||   210
